 Dungeon Crawl Stone Soup version 0.31.0-11-ge490571c62 (webtiles) character file.

Game seed: 11435629166546797043

67 Gadfly the Trooper (level 4, 35/35 HPs)
             Began as a Demonspawn Monk on Jan 28, 2024.
             Quit the game on level 2 of the Dungeon.
             The game lasted 00:01:23 (1005 turns).

Gadfly the Trooper (Demonspawn Monk)                Turns: 1005, Time: 00:01:24

Health: 35/35      AC:  3    Str: 14    XL:     4   Next: 0%
Magic:  4/4        EV: 13    Int: 10    God:
Gold:   82         SH:  0    Dex: 15    Spells: 3/3 levels left

rFire   . .          .
                       - Unarmed
rCold   . . .        c - orb {light}
rNeg    . . .        a - +1 robe
rPois   .            (helmet restricted)
rElec   .            (no cloak)
rCorr   .            (no gloves)
SInv    .            (no boots)
Will    .....        (no amulet)
Stlth   +            (no ring)
HPRegen 0.25/turn    (no ring)
MPRegen 0.09/turn

%: no passive effects
@: glowing
A: antennae 1, powered by pain 1
a: no special abilities


You were on level 2 of the Dungeon.
You visited 1 branch of the dungeon, and saw 2 of its levels.

You collected 82 gold pieces.

Inventory:

Armour
 a - a +1 robe (worn)
 c - an orb of light (worn)
Scrolls
 d - a scroll of fog {unknown}
Potions
 b - a potion of ambrosia
 e - a potion of mutation {unknown}
 h - a potion of brilliance {unknown}
 i - 2 potions of curing
 j - a potion of magic {unknown}


   Skills:
 - Level 3.0 Fighting
 + Level 3.0 Dodging
 + Level 3.0 Unarmed Combat
 * Level 1.9 Evocations
 * Level 1.6 Shapeshifting


You had 3 spell levels left.
You didn't know any spells.
Your spell library was empty.

Dungeon Overview and Level Annotations

Branches:
Dungeon (2/15)

Altars:


Innate Abilities, Weirdness & Mutations

You have a pair of small antennae on your head.
You sometimes gain a little power by taking damage.


Message History

The ball python is severely wounded.
The ball python bites you but does no damage.
The ball python misses you.
You hit the ball python.
You kill the ball python!
No target in view!
No target in view!
No target in view!
No target in view!
No target in view!
No target in view!
No target in view!
No target in view!
You see here a ball python corpse.
A bat comes into view.
A bat is nearby!
The bat barely misses you.
You hit the bat but do no damage. The bat hits you.
The bat hits you but does no damage. The bat barely misses you.
You hit the bat but do no damage. The bat barely misses you.
The bat closely misses you.
You hit the bat but do no damage. The bat barely misses you.
The bat closely misses you. The bat closely misses you.
The bat completely misses you.
You hit the bat.
You kill the bat!
No target in view!
d - a scroll labelled PEWKIUTORE No target in view!
A goblin comes into view. It is wielding a +0 dagger.
The goblin shouts!
The goblin moves out of view.
No target in view!
You hit the goblin.
You kill the goblin!
You have reached level 4!
You feel stronger.
Your demonic ancestry asserts itself...
You feel energised by your suffering.
Are you sure you want to abandon this character and quit the game? (Confirm with "yes".)

##.### ...... #.#.#.#
....... ..#.#.#
##....... #)..#.#.# .
######@#..... ..
#...........# ..#
#.............
..##+######...........##
......................#
.............#######+##
...†.........#
.............#
.............#


There were no monsters in sight!

Vanquished Creatures
  2 adders (D:2)
  2 dart slugs (D:1)
  5 ball pythons
  3 bats
  7 endoplasms
  A giant cockroach (D:1)
  2 goblins
  3 hobgoblins
  4 jackals (D:1)
  5 quokkas
  A frilled lizard (D:1)
  3 kobolds
  2 rats
40 creatures vanquished.

Notes
Turn   | Place    | Note
-------+----------+-------------------------------------------
     0 | D:1      | Gadfly the Demonspawn Monk began the quest for the Orb.
     0 | D:1      | Reached XP level 1. HP: 18/18 MP: 1/1
   141 | D:1      | Gained mutation: You have a pair of small antennae on your
                  | head. [demonic ancestry]
   141 | D:1      | Reached XP level 2. HP: 24/24 MP: 2/2
   179 | D:1      | Reached skill level 1 in Evocations
   259 | D:1      | Reached skill level 1 in Shapeshifting
   518 | D:1      | Reached XP level 3. HP: 9/29 MP: 3/3
  1005 | D:2      | Gained mutation: You sometimes gain a little power by
                  | taking damage. [demonic ancestry]
  1005 | D:2      | Reached XP level 4. HP: 35/35 MP: 4/4
  1005 | D:2      | Quit the game

Illustrated notes

Levels and vault maps discovered:
D:1:      minmay_arrival_stair_chambers, layout_rooms
D:2:      layout_basic, serial_glass, glass_columns_b, glass_columns_a,
          glass_columns_a, glass_columns_b, chequers_serial_rivers_small_a,
          minmay_misc_feat_five

Skill      XL: |  1  2  3 |
---------------+----------+-----
Evocations     | 1 |  1.9
Shapeshifting  | 1 |  1.6
Unarmed Combat | 3 |  3.0
Dodging        | 3 |  3.0
Fighting       | |  3.0

Action                     |  1- 3 |  4- 6 || total
---------------------------+-------+-------++-------
  Melee: Unarmed           |   126 |       ||   126
    Use: Scroll            |     5 |       ||     5
 Armour: Robe              |    49 |       ||    49
  Dodge: Dodged            |   107 |       ||   107
